 Dungeon Crawl Stone Soup version 0.18.1-8-gdd0e5ea (webtiles) character file.

800 HungrySpirit the Ruffian (level 7, -4/70 HPs)
             Began as a Troll Skald on May 21, 2016.
             Was a Believer of Okawaru.
             Slain by Menkaure (15 damage)
             ... on level 5 of the Dungeon.
             The game lasted 00:05:19 (3285 turns).

HungrySpirit the Ruffian (Troll Skald)              Turns: 3285, Time: 00:05:20

Health: -4/70      AC:  6    Str: 23    XL:     7   Next: 59%
Magic:  7/7        EV:  9    Int:  8    God:    Okawaru [**....]
Gold:   101        SH:  0    Dex:  9    Spells: 1 memorised, 7 levels left

rFire  . . .     SeeInvis .       - Unarmed
rCold  . . .     Gourm    +     a - +0 robe
rNeg   . . .     Faith    .     (no shield)
rPois  .         Spirit   .     (helmet restricted)
rElec  .         Dismiss  .     s - +0 cloak
rCorr  +         Reflect  .     (gloves unavailable)
SustAt .         Harm     .     (boots unavailable)
MR     +....                    z - amulet of regeneration
Stlth  +.........               v - ring of resist corrosion
                                h - ring of protection from magic

@: somewhat resistant to hostile enchantments, very unstealthy
A: unfitting armour, claws 3, fast metabolism 3, gourmand, regeneration 2,
shaggy fur 1, tough skin 2
a: Heroism, Renounce Religion


You were on level 5 of the Dungeon.
You worshipped Okawaru.
Okawaru was pleased with you.
You were completely stuffed.

You visited 1 branch of the dungeon, and saw 5 of its levels.

You collected 325 gold pieces.
You spent 224 gold pieces at shops.

Inventory:

Armour
 a - a +0 robe (worn)
 k - a cursed +0 large shield
 s - a +0 cloak (worn)
Jewellery
 h - a ring of protection from magic (left claw)
 i - an uncursed ring of flight
 v - a ring of resist corrosion (right claw)
 z - an amulet of regeneration (around neck)
Wands
 E - a wand of digging (14/24)
Scrolls
 d - 8 scrolls of identify
 j - 3 scrolls of remove curse {unknown}
 l - 3 scrolls of enchant armour
 m - 2 scrolls of teleportation
 q - a scroll of blinking {unknown}
 u - 2 scrolls of amnesia {unknown}
 w - a scroll of magic mapping
 x - a scroll of fear
 y - 2 scrolls of noise
 B - a scroll of recharging {unknown}
 C - a scroll of random uselessness {unknown}
Potions
 e - 3 potions of degeneration {unknown}
 f - 2 potions of brilliance {unknown}
 g - 2 potions of curing {unknown}
 n - 2 potions of agility {unknown}
 r - a potion of lignification {unknown}
 t - a potion of haste {unknown}
 D - a potion of resistance {unknown}
Books
 b - a book of Battle

   Spells                             Type                      Level
   a - Infusion                       Charms                       1
   b - Shroud of Golubria             Charms/Translocation         2
   c - Song of Slaying                Charms                       2
   d - Spectral Weapon                Hexes/Charms                 3
   e - Regeneration                   Charms/Necromancy            3
Comestibles
 c - 4 bread rations
 o - a beef jerky
 p - 5 fruits
 A - a meat ration
 F - 3 chunks of flesh


   Skills:
 + Level 4.3 Fighting
 - Level 1.2 Dodging
 * Level 7.2 Unarmed Combat
 - Level 1.2 Spellcasting
 - Level 2.0 Charms


You had 7 spell levels left.
You knew the following spells:

 Your Spells              Type           Power        Failure   Level  Hunger
a - Infusion              Chrm           #...         21%         1    ##.....


Dungeon Overview and Level Annotations

Branches:
Dungeon (5/15)
 Temple: D:4-7

Altars:
Okawaru
Pakellas

Shops:
D:4 ?

Annotations:
D:5 Menkaure


Innate Abilities, Weirdness & Mutations

You are too large for most types of armour.
You have claws for hands.
Your metabolism is lightning-fast.
You like to eat raw meat.
You heal very quickly.
You are covered in fur (AC +1).
You have very tough skin (AC +2).


Message History

Menkaure calls on the powers of darkness!
The ogre convulses!
Your body is wracked with pain!
The ogre moves out of view.
Menkaure moves out of view.
You start resting.
You barely miss the ogre.
The ogre is heavily wounded.
Menkaure sighs in an indecipherable tongue.
The ogre hits you with a giant club!!
* * * LOW HITPOINT WARNING * * *
You mangle the ogre!!
You kill the ogre!
Okawaru accepts your kill.
You completely miss Menkaure.
Menkaure calls on the powers of darkness!
Your body is wracked with pain!
* * * LOW HITPOINT WARNING * * *
You mangle Menkaure!!
Menkaure is severely damaged.
Menkaure hits you!
You die...

....##.....# ##
....###....#####
...
...).)((..(.....
....
.#.#####(######
#.. .#.# #.# ...
.#.#####.##
###.##.##
.#.#..##..#
#........
.≈.≈...##.###
#M#
.≈≈≈........#
#@#
............#
#.#
............#
#.#
)...........#
#.# #.#.#
##.#....##.##
#.# #.#.#
##.(....##.##
#.#.# #.#.#
####(.......#
#.#.# #.#.# #
#....###.# #.#.#
#.#.# #....#...#
#.#.# #.#.#


You could see Menkaure.

Vanquished Creatures
  A phantom (D:4)
  2 ogres (D:5)
  2 centaurs (D:5)
  A scorpion (D:5)
  A hound (D:4)
  A jelly (D:5)
  An iguana (D:5)
  An orc wizard (D:4)
  A worker ant (D:4)
  A killer bee zombie (D:5)
  A hound zombie (D:5)
  3 gnolls (D:3)
  9 adders
  A shadow imp (D:5)
  An ooze (D:1)
  A worm (D:3)
  3 dart slugs
  2 giant geckos (D:2)
  6 orcs
  2 giant cockroaches
  7 hobgoblins
  3 jackals (D:3)
  A quokka (D:5)
  A ball python (D:3)
  4 bats
  4 giant newts
  8 goblins
  9 kobolds
  10 rats
88 creatures vanquished.

Vanquished Creatures (others)
  A bush (D:5)
1 creature vanquished.

Grand Total: 89 creatures vanquished

Notes
Turn   | Place    | Note
--------------------------------------------------------------
     0 | D:1      | HungrySpirit the Troll Skald began the quest for the Orb.
     0 | D:1      | Reached XP level 1. HP: 19/19 MP: 1/1
   163 | D:1      | Reached XP level 2. HP: 28/28 MP: 2/2
   616 | D:2      | Reached skill level 3 in Unarmed Combat
   616 | D:2      | Reached XP level 3. HP: 24/35 MP: 3/3
   962 | D:2      | Found an oddly glowing altar of Pakellas.
  1123 | D:2      | Reached XP level 4. HP: 40/44 MP: 4/4
  1470 | D:3      | Reached skill level 4 in Unarmed Combat
  1829 | D:3      | Reached XP level 5. HP: 35/52 MP: 5/5
  1896 | D:3      | Found an iron altar of Okawaru.
  1904 | D:3      | Became a worshipper of Warmaster Okawaru
  2258 | D:4      | Found Juypuc's Magic Scroll Shop.
  2265 | D:4      | Bought a scroll of enchant armour for 82 gold pieces
  2265 | D:4      | Bought a scroll of teleportation for 33 gold pieces
  2265 | D:4      | Bought a scroll of magic mapping for 38 gold pieces
  2265 | D:4      | Bought a scroll of fear for 38 gold pieces
  2265 | D:4      | Bought a scroll of noise for 11 gold pieces
  2265 | D:4      | Bought a scroll of identify for 22 gold pieces
  2348 | D:4      | Noticed a phantom
  2381 | D:4      | Killed a phantom
  2381 | D:4      | Reached skill level 5 in Unarmed Combat
  2381 | D:4      | Reached XP level 6. HP: 42/61 MP: 6/6
  2647 | D:5      | Entered Level 5 of the Dungeon
  2657 | D:5      | Reached skill level 6 in Unarmed Combat
  2764 | D:5      | Reached * piety under Okawaru
  2764 | D:5      | Reached XP level 7. HP: 48/68 MP: 7/7
  3102 | D:5      | Reached skill level 7 in Unarmed Combat
  3274 | D:5      | Noticed Menkaure
  3283 | D:5      | Reached ** piety under Okawaru
  3285 | D:5      | Slain by Menkaure

Skill      XL: |  1  2  3  4  5  6  7 |
---------------+----------------------+-----
Fighting       | 2 3 4 |  4.3
Unarmed Combat | 3 4 5 6 7 |  7.2
Dodging        | |  1.2
Spellcasting   | |  1.2
Charms         | |  2.0

Action                   |  1- 3 |  4- 6 |  7- 9 || total
-------------------------+-------+-------+-------++-------
Melee: Unarmed           |    73 |   159 |    36 ||   268
       Punch             |     1 |     2 |       ||     3
  Eat: Chunk             |     9 |    21 |     6 ||    36
Armor: Robe              |    18 |    37 |    10 ||    65
Dodge: Dodged            |    32 |    50 |    17 ||    99
